 Dungeon Crawl Stone Soup version 0.19-a0-742-g4563caa (webtiles) character file.

1374 Stormphoenix the Basher (level 8, -3/94 HPs)
             Began as a Green Draconian Berserker on June 22, 2016.
             Was an Elder of Trog.
             Slain by Prince Ribbit (17 damage)
             ... on level 6 of the Dungeon on June 23, 2016.
             The game lasted 00:12:06 (5217 turns).

Stormphoenix the Basher (Green Draconian Berserker) Turns: 5217, Time: 00:12:07

Health: -3/94      AC:  7    Str: 26    XL:     8   Next: 39%
Magic:  8/8        EV: 12    Int:  9    God:    Trog [****..]
Gold:   282        SH:  0    Dex: 10    Spells: 0 memorised, 7 levels left

rFire  . . .     SeeInvis .     h - +0 flail (crush)
rCold  . . .     Gourm    .     (armour unavailable)
rNeg   . . .     Faith    .     (no shield)
rPois  +         Spirit   .     (helmet restricted)
rElec  .         Dismiss  +     o - +0 cloak {rPois}
rCorr  .         Reflect  .     (no gloves)
SustAt .         Harm     .     (no boots)
MR     .....                    l - amulet of dismissal
Stlth  ..........               (no ring)
                                (no ring)

@: berserking, very quick, not resistant to hostile enchantments, extremely
unstealthy
A: breathe noxious fumes, unfitting armour, poison resistance, cold-blooded, AC
+6
a: Breathe Noxious Fumes, Berserk, Trog's Hand, Brothers in Arms, Burn
Spellbooks, Renounce Religion


You were on level 6 of the Dungeon.
You worshipped Trog.
Trog was greatly pleased with you.
You were not hungry.

You visited 1 branch of the dungeon, and saw 6 of its levels.

You collected 282 gold pieces.

Inventory:

Hand Weapons
 h - a +0 flail of crushing (weapon)
 i - a +1 whip of venom
Missiles
 n - a throwing net (quivered)
Armour
 o - a +0 cloak of poison resistance (worn)
Jewellery
 l - an amulet of dismissal (around neck)
Scrolls
 a - a scroll of blinking
 c - 4 scrolls of remove curse
 e - 3 scrolls of identify
 k - 2 scrolls of magic mapping
 q - a scroll of teleportation
Potions
 g - 2 potions of curing
 p - a potion of heal wounds
Comestibles
 b - 4 bread rations
 d - 7 fruits
 f - 2 royal jellies
 j - a meat ration
 m - a beef jerky
 r - 3 chunks of flesh


   Skills:
 - Level 3.2 Fighting
 + Level 10.7 Maces & Flails
 - Level 2.6 Dodging


You had 7 spell levels left.
You didn't know any spells.

Dungeon Overview and Level Annotations

Branches:
Dungeon (6/15)
 Temple: D:4-7

Altars:
Gozag
Kikubaaqudgha
Okawaru
Pakellas

Annotations:
D:6 Prince Ribbit


Innate Abilities, Weirdness & Mutations

You can breathe blasts of noxious fumes.
Your lurid green scales are hard. (AC +6)
Your body does not fit into most forms of armour.
Your system is resistant to poisons. (rPois)
You are cold-blooded and may be slowed by cold attacks.


Message History

The giant gecko zombie barely misses you.
You thump the giant gecko zombie!
You destroy the giant gecko zombie!
You closely miss Prince Ribbit. Prince Ribbit hits you. x2
You hit Prince Ribbit.
Prince Ribbit is lightly wounded.
Prince Ribbit hits you but does no damage.
You barely miss Prince Ribbit.
Prince Ribbit is lightly wounded.
Prince Ribbit lets out a mournful croak.
Prince Ribbit hits you!!
* * * LOW HITPOINT WARNING * * *
A red film seems to cover your vision as you go berserk!
You feel yourself moving faster!
You feel mighty!
You feel somewhat more hungry.
Prince Ribbit croaks regally.
Prince Ribbit hits you!
* * * LOW HITPOINT WARNING * * *
Prince Ribbit hits you!
You die...

#................
##...............
#...............
##.............
##..........
##........ #
#........ ###.
#........ #....
#@.#.....
......##F#####..
...F..ยง..# ##
.........#
......##..#
.....# #....
....# ##.... ....
...... .## ......


You could see Prince Ribbit.

Vanquished Creatures
  The ghost of tstbtto the Chopper, an amateur DDFi of Yredelemnul (D:4)
  A sky beast (D:5)
  A necrophage (D:6)
  An ogre (D:4)
  3 centaurs
  A giant frog (D:6)
  A crimson imp (D:5)
  A giant frog zombie (D:6)
  4 hounds
  An orc priest (D:3)
  An orc wizard (D:4)
  Crazy Yiuf (D:4)
  Natasha (thrice) (D:2)
  4 iguanas
  A killer bee zombie (D:6)
  A hound skeleton (D:4)
  4 gnolls (D:4)
  4 adders
  An ooze (D:3)
  An adder skeleton (D:4)
  A worm (D:3)
  4 dart slugs
  3 giant geckos
  11 orcs
  5 bats
  6 giant cockroaches
  4 goblins (D:2)
  10 hobgoblins
  8 jackals (D:5)
  3 quokkas
  2 giant gecko skeletons (D:5)
  A giant gecko zombie (D:6)
  7 giant newts
  5 kobolds
  2 quokka skeletons
  8 rats
116 creatures vanquished.

Notes
Turn   | Place    | Note
--------------------------------------------------------------
     0 | D:1      | Stormphoenix the Draconian Berserker began the quest for the Orb.
     0 | D:1      | Reached XP level 1. HP: 19/19 MP: 1/1
   330 | D:1      | Reached XP level 2. HP: 24/26 MP: 2/2
   952 | D:2      | Reached ** piety under Trog
   962 | D:2      | Reached skill level 4 in Maces & Flails
  1005 | D:2      | Reached XP level 3. HP: 25/31 MP: 3/3
  1058 | D:2      | Noticed Natasha
  1066 | D:2      | Killed Natasha
  1070 | D:2      | Reached XP level 4. HP: 35/38 MP: 4/4
  1087 | D:2      | Noticed Natasha
  1098 | D:2      | Killed Natasha
  1098 | D:2      | Reached skill level 5 in Maces & Flails
  1241 | D:2      | Noticed Natasha
  1249 | D:2      | Killed Natasha
  1451 | D:2      | Found an iron altar of Okawaru.
  1469 | D:2      | Reached XP level 5. HP: 45/45 MP: 5/5
  2005 | D:3      | Reached skill level 6 in Maces & Flails
  2008 | D:3      | Found an ancient bone altar of Kikubaaqudgha.
  2020 | D:3      | Upgraded the game from 0.19-a0-734-ge18daf0 to 0.19-a0-742-g4563caa
  2099 | D:3      | Reached *** piety under Trog
  2663 | D:4      | Noticed tstbtto's ghost (amateur DDFi)
  2905 | D:4      | Reached XP level 6. HP: 46/51 MP: 6/6
  2963 | D:4      | Reached skill level 7 in Maces & Flails
  2979 | D:4      | Killed tstbtto's ghost
  3069 | D:4      | Reached skill level 8 in Maces & Flails
  3069 | D:4      | Your scales start taking on a lurid green colour.
  3069 | D:4      | Reached XP level 7. HP: 49/57 MP: 7/7
  3069 | D:4      | Gained mutation: Your system is resistant to poisons. (rPois) [Green Draconian growth]
  3273 | D:4      | Noticed Crazy Yiuf
  3281 | D:4      | Killed Crazy Yiuf
  3618 | D:5      | Entered Level 5 of the Dungeon
  3884 | D:5      | Found an oddly glowing altar of Pakellas.
  3915 | D:5      | Reached **** piety under Trog
  3959 | D:5      | Reached skill level 9 in Maces & Flails
  4133 | D:5      | Found an opulent altar of Gozag.
  4356 | D:6      | Reached XP level 8. HP: 40/63 MP: 8/8
  4364 | D:6      | Reached skill level 10 in Maces & Flails
  5202 | D:6      | Noticed Prince Ribbit
  5217 | D:6      | Slain by Prince Ribbit

Vault maps used:
D:1:      dpeg_arrival_prison
D:2:      first_bread, okawaru_gym_becter, uniq_natasha
D:3:      lemuel_crystal_altar, nrook_loot_triangle
D:4:      uniq_crazy_yiuf_cottage
D:5:      basic_altar, grunt_pakellas_basics
D:6:      uniq_prince_ribbit1

Skill      XL: |  1  2  3  4  5  6  7  8 |
---------------+-------------------------+-----
Maces & Flails | 4 5 6 8 9 10 | 10.7
Fighting       | |  3.2
Dodging        | |  2.6

Action                   |  1- 3 |  4- 6 |  7- 9 || total
-------------------------+-------+-------+-------++-------
Melee: Mace              |    83 |    90 |       ||   173
       Tailslap          |     4 |    19 |    21 ||    44
       Whip              |       |    56 |       ||    56
       Flail             |       |    29 |   155 ||   184
Invok: Berserk           |     1 |     2 |     1 ||     4
       Burn Spellbooks   |       |     1 |       ||     1
  Use: Scroll            |     5 |     2 |     2 ||     9
       Potion            |     1 |     2 |     1 ||     4
 Stab: Sleeping          |     1 |     1 |       ||     2
  Eat: Chunk             |       |     9 |     8 ||    17
Armor: Skin              |    22 |    73 |    50 ||   145
Dodge: Dodged            |    66 |   112 |   107 ||   285
